 Dungeon Crawl Stone Soup version 0.27-a0-46-g34d46f0a3f (webtiles) character file.

Game seed: 10624262883630608649

296 robertstho the Ogre Mage (level 6, -10/91 HPs)
             Began as an Ogre Summoner on Jan 6, 2021.
             Mangled by Pikel
             ... wielding a +2 whip of flaming
              (11 damage)
             ... on level 4 of the Dungeon.
             The game lasted 00:07:20 (4367 turns).

robertstho the Ogre Mage (Ogre Summoner)            Turns: 4367, Time: 00:07:20

Health: -10/91     AC:  3    Str: 13    XL:     6   Next: 35%
Magic:  1/13       EV: 10    Int: 18    God:
Gold:   85         SH:  0    Dex:  9    Spells: 6/15 levels left

rFire    . . .     SeeInvis .   s - +1 dagger (venom)
rCold    . . .     Faith    .   (no shield)
rNeg     . . .     Spirit   .   a - +0 robe
rPois    .         Reflect  .   (helmet restricted)
rElec    .         Harm     .   (no cloak)
rCorr    .         Rampage  .   (gloves unavailable)
Will     .....                  (boots unavailable)
Stlth    ..........             (no amulet)
HPRegen  0.25/turn              (no ring)
MPRegen  0.13/turn              (no ring)

@: brilliant, berserking, very quick
A: large, unfitting armour, tough skin 1
a: no special abilities


You were on level 4 of the Dungeon.
You visited 1 branch of the dungeon, and saw 4 of its levels.

You collected 85 gold pieces.

Inventory:

Hand Weapons
 k - a +1 dagger of freezing
 s - a +1 dagger of venom (weapon)
Armour
 a - a +0 robe (worn)
Wands
 p - a wand of paralysis (11)
 w - a wand of enslavement (8)
Scrolls
 b - 3 scrolls of remove curse {unknown}
 d - a scroll of immolation {unknown}
 f - a scroll of enchant armour {unknown}
 h - a scroll of amnesia {unknown}
 l - 2 scrolls of teleportation {unknown}
 q - a scroll of magic mapping {unknown}
 t - 3 scrolls of identify {unknown}
 v - a scroll of blinking {unknown}
Potions
 c - a potion of brilliance
 e - a potion of lignification {unknown}
 g - a potion of attraction {unknown}
 i - a potion of heal wounds {unknown}
 j - a potion of invisibility {unknown}
 m - 2 potions of flight {unknown}
 n - 2 potions of curing {unknown}
 o - a potion of haste {unknown}
 r - a potion of cancellation {unknown}
 u - 3 potions of berserk rage


   Skills:
 * Level 3.4 Fighting
 + Level 0.6 Short Blades
 + Level 2.2 Dodging
 + Level 1.5 Stealth
 + Level 0.1 Unarmed Combat
 * Level 5.1 Spellcasting
 + Level 4.4 Summonings


You had 6 spell levels left.
You knew the following spells:

 Your Spells              Type           Power        Failure   Level
a - Summon Small Mammal   Summ           100%         2%          1
b - Call Imp              Summ           30%          3%          2
c - Call Canine Familiar  Summ           30%          6%          3
d - Summon Guardian Gole  Hex/Summ       18%          16%         3

Your spell library contained the following spells:

 Spells                   Type           Power        Failure   Level
 Summon Ice Beast         Ice/Summ       18%          45%         4
 Summon Lightning Spire   Summ/Air       18%          45%         4


Dungeon Overview and Level Annotations

Branches:
Dungeon (4/15)
 Temple: D:4-7

Altars:
Gozag
Kikubaaqudgha
Xom
Zin

Annotations:
D:4 Pikel


Innate Abilities, Weirdness & Mutations

You are too large for most types of armour.
You have tough skin. (AC +1)


Message History

The orc priest is almost dead.
Your bat hits the lemure but does no damage.
Pikel hits you with a +2 whip of flaming!
* * * LOW HITPOINT WARNING * * *
Pikel burns you.
* * * LOW HITPOINT WARNING * * *
Your crimson imp hits the dart slug.
The dart slug dies!
Your crimson imp hits the orc.
Your bat closely misses the lemure.
You hit the orc priest but do no damage.
The orc priest is poisoned.
The orc priest is almost dead.
Your bat completely misses the lemure.
The orc priest calls down the wrath of Beogh upon you.
Beogh smites you!
* * * LOW HITPOINT WARNING * * *
Your crimson imp closely misses the orc.
Your crimson imp hits the orc.
Pikel hits you with a +2 whip of flaming!
You die...

.. #......# .. ### #.####.######
... ...###.# #.#....#### ..†####
(##.#<..# #.#....##.. ..o.$.#
###. #.########.#.(..##.# ......#
#.. #............K...... ..§...#
#.####..#######.#.^..###.
....oo###.#..§.§#######........#.
......o...)..5☼○@K5b5..........5>
.......<..#...oo##############.#.
.......#..###5####### #.#.
.......#............. #.#.
######.#g####.####### #.##
#.5............. #...
######.#####.####### ####
..........55.÷.......
.#######.####{#######


You could see Pikel, 2 lemures, an orc priest (very poisoned), an orc, 2
friendly crimson imps and a friendly bat (summoned).

Vanquished Creatures
  A crimson imp (D:3)
  An orc wizard (D:4)
  2 gnolls (D:4)
  A leopard gecko (D:4)
  2 orcs (D:4)
  A giant cockroach (D:3)
  A goblin (D:1)
  5 hobgoblins
  5 bats
  2 frilled lizards
  3 kobolds
  3 rats
27 creatures vanquished.

Vanquished Creatures (collateral kills)
  2 lemures (D:4)
  3 crimson imps (D:3)
  A centaur skeleton (D:4)
  An orc priest (D:4)
  Jessica (D:2)
  An orc wizard (D:3)
  A worker ant (D:4)
  A worker ant zombie (D:3)
  3 adders (D:2)
  An ooze (D:2)
  A worm (D:2)
  A dart slug (D:4)
  3 leopard geckos (D:1)
  3 orcs
  A giant cockroach (D:1)
  6 goblins
  2 hobgoblins (D:1)
  4 jackals (D:4)
  6 kobolds
  2 quokkas
  A bat (D:1)
  3 frilled lizards
  4 rats
52 creatures vanquished.

Vanquished Creatures (others)
  A scorpion (D:4)
  An orc priest (D:4)
  A gnoll (D:4)
3 creatures vanquished.

Grand Total: 82 creatures vanquished

Notes
Turn   | Place    | Note
-------+----------+-------------------------------------------
     0 | D:1      | robertstho the Ogre Summoner began the quest for the Orb.
     0 | D:1      | Reached XP level 1. HP: 16/16 MP: 3/3
   660 | D:1      | Reached XP level 2. HP: 13/26 MP: 2/5
  1228 | D:2      | Learned a level 2 spell: Call Imp
  1232 | D:2      | Noticed Jessica
  1241 | D:2      | Killed Jessica
  1242 | D:2      | Reached skill level 1 in Fighting
  1242 | D:2      | Reached skill level 3 in Spellcasting
  1242 | D:2      | Reached XP level 3. HP: 33/33 MP: 1/7
  1698 | D:1      | Learned a level 3 spell: Call Canine Familiar
  1932 | D:2      | Reached XP level 4. HP: 39/42 MP: 1/9
  2297 | D:2      | Found an ancient bone altar of Kikubaaqudgha.
  3023 | D:3      | Found an opulent altar of Gozag.
  3042 | D:3      | Found a glowing silver altar of Zin.
  3193 | D:3      | Found a shimmering altar of Xom.
  3208 | D:3      | Reached skill level 4 in Spellcasting
  3208 | D:3      | Reached XP level 5. HP: 42/50 MP: 1/11
  3223 | D:3      | Learned a level 3 spell: Summon Guardian Golem
  3866 | D:4      | Reached skill level 5 in Spellcasting
  3866 | D:4      | Reached XP level 6. HP: 33/59 MP: 7/13
  4004 | D:4      | Noticed Pikel
  4367 | D:4      | HP: 1/91 [orc priest/divine providence (12)]
  4367 | D:4      | Mangled by Pikel

Illustrated notes

Levels and vault maps discovered:
D:1:      lemuel_arrival_funnel, layout_rooms, lemuel_old_faithful
D:2:      layout_rooms, lemuel_doored_altar, kennysheep_generic_room_15,
          uniq_jessica
D:3:      layout_rooms, grunt_gozag_statues, zin_treasury, led_xom_imps
D:4:      layout_basic, lightli_temple_of_fire, temple_doors_e,
          lemuel_blue_sif_altar, uniq_pikel

Skill      XL: |  1  2  3  4  5  6 |
---------------+-------------------+-----
Fighting       | 1 2 3 |  3.4
Spellcasting   | 3 4 5 |  5.1
Summonings     | 4 |  4.4
Dodging        | 2 |  2.2
Short Blades   | |  0.6
Stealth        | |  1.5
Unarmed Combat | |  0.1

Action                   |  1- 3 |  4- 6 || total
-------------------------+-------+-------++-------
Melee: Unarmed           |    36 |       ||    36
       Dagger            |    34 |    97 ||   131
 Cast: Summon Small Mamm |    26 |     5 ||    31
       Call Imp          |    12 |    26 ||    38
       Call Canine Famil |     4 |    13 ||    17
       Summon Guardian G |       |     1 ||     1
  Use: Potion            |       |     2 ||     2
 Stab: Distracted        |     1 |       ||     1
       Sleeping          |       |     1 ||     1
Armor: Robe              |    22 |    28 ||    50
Dodge: Dodged            |    44 |    62 ||   106

Table legend: (Time is in decaauts)
 A = Elapsed time spent in this place.
 B = Non-inter-level travel time spent in this place.
 C = Inter-level travel time spent in this place.
 D = Time resting spent in this place.
 E = Time spent auto-exploring this place.
 F = Levels seen in this place.
 G = Mean time per level.
                   A        B        C        D        E       F      G
               +--------+--------+--------+--------+--------+-----+--------+
         Total |   4369 |   4185 |    184 |    231 |   3160 |   4 | 1092.2 |
       Dungeon |   4369 |   4185 |    184 |    231 |   3160 |   4 | 1092.2 |
               +--------+--------+--------+--------+--------+-----+--------+

Top non-repeatable levels by time:
     D:1: 1325 daAuts
     D:3: 1194 daAuts
     D:2: 1131 daAuts
     D:4: 717 daAuts
